| TOP OF THE 1ST |
|
Clemson University Tigers batting - Pitching for University of Illinois Fighting Illini : RHP Roger Whitaker
|
|
Pitching: RHP Roger Whitaker
|
|
|
Batting: LHB Steve Gates
|
0-0: Ball 1-0: Ball 2-0: SINGLE (Line Drive, 78S, EV 99.4 MPH)
|
|
Batting: RHB Josh LeSage
|
0-0: Fly out, F8 (Flyball, 89S, EV 93.8 MPH)
|
|
Batting: LHB George Jedinak
|
0-0: Called Strike 0-1: Foul Ball, location: 2F 0-2: Foul Ball, location: 2F 0-2: Ball 1-2: Ball 2-2: Foul Ball, location: 2F 2-2: Foul Ball, location: 2F 2-2: Strikes out looking
|
|
Batting: RHB Jason Duncan
|
0-0: Swinging Strike 0-1: Foul Ball, location: 2F 0-2: Foul Ball, location: 2F 0-2: Fielders Choice at 2nd, 5-4 (Groundball, 5, EV 83.1 MPH)
|
| Top of the 1st over - 0 runs, 1 hit, 0 errors, 1 left on base; Clemson University 0 - University of Illinois 0 |
| BOTTOM OF THE 1ST |
|
University of Illinois Fighting Illini batting - Pitching for Clemson University Tigers : RHP Ahto Selin
|
|
Pitching: RHP Ahto Selin
|
|
|
Batting: SHB Dan Strickland
|
0-0: Foul Ball, location: 2F 0-1: Ball 1-1: Ground out 4-3 (Groundball, 4M, EV 106.2 MPH)
|
|
Batting: RHB Lance Borgen
|
0-0: Called Strike 0-1: Swinging Strike 0-2: Strikes out looking
|
|
Batting: RHB Caleb Dean
|
0-0: Swinging Strike 0-1: Ball 1-1: Called Strike 1-2: Foul Ball, location: 2F 1-2: Foul Ball, location: 2F 1-2: Foul Ball, location: 2F 1-2: Ball 2-2: Fly out, F8 (Flyball, 78S, EV 95.6 MPH)
|
| Bottom of the 1st over - 0 runs, 0 hits, 0 errors, 0 left on base; Clemson University 0 - University of Illinois 0 |
| TOP OF THE 2ND |
|
Clemson University Tigers batting - Pitching for University of Illinois Fighting Illini : RHP Roger Whitaker
|
|
Batting: LHB Mario Nunez
|
0-0: Foul Ball, location: 2F 0-1: Swinging Strike 0-2: Ball 1-2: Strikes out swinging
|
|
Batting: RHB Willis Suarez
|
0-0: Called Strike 0-1: Ground out 5-3 (Groundball, 5S, EV 67.5 MPH)
|
|
Batting: RHB Marco Maggs
|
0-0: Ball 1-0: Called Strike 1-1: Fly out, F3 (Popup, 34S, EV 80.6 MPH)
|
| Top of the 2nd over - 0 runs, 0 hits, 0 errors, 0 left on base; Clemson University 0 - University of Illinois 0 |
| BOTTOM OF THE 2ND |
|
University of Illinois Fighting Illini batting - Pitching for Clemson University Tigers : RHP Ahto Selin
|
|
Batting: LHB Victor Altagracia
|
0-0: Ball 1-0: Called Strike 1-1: Foul Ball, location: 2F 1-2: Foul Ball, location: 2F 1-2: Ball 2-2: Ball 3-2: Foul Ball, location: 2F 3-2: Ground out 6-3 (Groundball, 56, EV 100.6 MPH)
|
|
Batting: LHB Mike Murphy
|
0-0: Ball 1-0: Ball 2-0: Swinging Strike 2-1: DOUBLE (Line Drive, 89D, EV 107.5 MPH)
|
|
Batting: SHB Bernie Gallegos
|
0-0: Ball 1-0: Called Strike 1-1: Called Strike 1-2: Ground out U3 (Groundball, 3L, EV 83.8 MPH) Mike Murphy to third
|
|
Batting: RHB Damien Blot
|
0-0: Ball 1-0: Ground out 4-3 (Groundball, 4, EV 89.4 MPH)
|
| Bottom of the 2nd over - 0 runs, 1 hit, 0 errors, 1 left on base; Clemson University 0 - University of Illinois 0 |
| TOP OF THE 3RD |
|
Clemson University Tigers batting - Pitching for University of Illinois Fighting Illini : RHP Roger Whitaker
|
|
Batting: RHB Jose Rolon
|
0-0: Ball 1-0: Ground out 4-3 (Groundball, 4, EV 105.6 MPH)
|
|
Batting: RHB David Rhodes
|
0-0: Ground out 4-3 (Groundball, 34, EV 83.8 MPH)
|
|
Batting: LHB Steve Gates
|
0-0: Foul Ball, location: 2F 0-1: Foul Ball, location: 2F 0-2: Ball 1-2: Strikes out swinging
|
| Top of the 3rd over - 0 runs, 0 hits, 0 errors, 0 left on base; Clemson University 0 - University of Illinois 0 |
| BOTTOM OF THE 3RD |
|
University of Illinois Fighting Illini batting - Pitching for Clemson University Tigers : RHP Ahto Selin
|
|
Batting: LHB Matt Highfill
|
0-0: Ball 1-0: Ball 2-0: Called Strike 2-1: Called Strike 2-2: Ball 3-2: Base on Balls
|
|
Batting: RHB Hector Flores
|
0-0: Swinging Strike 0-1: Swinging Strike 0-2: Ball 1-2: Ball 2-2: Ball 3-2: Foul Ball, location: 2F 3-2: Base on Balls Matt Highfill to second
|
|
Batting: SHB Dan Strickland
|
0-0: Foul Ball, location: 2F 0-1: Ball 1-1: Called Strike 1-2: Ball 2-2: Ball 3-2: Grounds into double play, 4-6-3 (Groundball, 4, EV 85.6 MPH) Matt Highfill to third
|
|
Batting: RHB Lance Borgen
|
0-0: Called Strike 0-1: Ball 1-1: Ball 2-1: Ball 3-1: Base on Balls
|
|
Batting: RHB Caleb Dean
|
0-0: Ball 1-0: Fly out, F9 (Line Drive, 89M, EV 90.0 MPH)
|
| Bottom of the 3rd over - 0 runs, 0 hits, 0 errors, 2 left on base; Clemson University 0 - University of Illinois 0 |
| TOP OF THE 4TH |
|
Clemson University Tigers batting - Pitching for University of Illinois Fighting Illini : RHP Roger Whitaker
|
|
Batting: RHB Josh LeSage
|
0-0: Called Strike 0-1: Ball 1-1: Called Strike 1-2: Ball 2-2: Foul Ball, location: 2F 2-2: Ball 3-2: Strikes out swinging
|
|
Batting: LHB George Jedinak
|
0-0: Ball 1-0: Foul Ball, location: 2F 1-1: Ground out 6-3 (Groundball, 6MD, EV 104.4 MPH)
|
|
Batting: RHB Jason Duncan
|
0-0: Called Strike 0-1: Swinging Strike 0-2: Strikes out swinging
|
| Top of the 4th over - 0 runs, 0 hits, 0 errors, 0 left on base; Clemson University 0 - University of Illinois 0 |
| BOTTOM OF THE 4TH |
|
University of Illinois Fighting Illini batting - Pitching for Clemson University Tigers : RHP Ahto Selin
|
|
Batting: LHB Victor Altagracia
|
0-0: Ball 1-0: Called Strike 1-1: Ball 2-1: Foul Ball, location: 2F 2-2: Fly out, F9 (Flyball, 9D, EV 85.6 MPH)
|
|
Batting: LHB Mike Murphy
|
0-0: Fly out, F8 (Flyball, 8RD, EV 91.2 MPH)
|
|
Batting: SHB Bernie Gallegos
|
0-0: Called Strike 0-1: Ball 1-1: Foul Ball, location: 2F 1-2: Ground out 1-3 (Groundball, 15S, EV 68.1 MPH)
|
| Bottom of the 4th over - 0 runs, 0 hits, 0 errors, 0 left on base; Clemson University 0 - University of Illinois 0 |
| TOP OF THE 5TH |
|
Clemson University Tigers batting - Pitching for University of Illinois Fighting Illini : RHP Roger Whitaker
|
|
Batting: LHB Mario Nunez
|
0-0: Ground out 6-3 (Groundball, 6, EV 80.6 MPH)
|
|
Batting: RHB Willis Suarez
|
0-0: Ball 1-0: Called Strike 1-1: Fly out, F9 (Flyball, 8RM, EV 91.2 MPH)
|
|
Batting: RHB Marco Maggs
|
0-0: Ball 1-0: SINGLE (Line Drive, 7S, EV 102.5 MPH)
|
|
Batting: RHB Jose Rolon
|
0-0: Ball 1-0: Called Strike 1-1: Called Strike 1-2: Ball 2-2: Ground out 4-3 (Groundball, 4, EV 104.4 MPH)
|
| Top of the 5th over - 0 runs, 1 hit, 0 errors, 1 left on base; Clemson University 0 - University of Illinois 0 |
| BOTTOM OF THE 5TH |
|
University of Illinois Fighting Illini batting - Pitching for Clemson University Tigers : RHP Ahto Selin
|
|
Batting: RHB Damien Blot
|
0-0: Swinging Strike 0-1: Ball 1-1: Ball 2-1: Called Strike 2-2: SINGLE (Groundball, 56D, EV 102.5 MPH)
|
|
Batting: LHB Matt Highfill
|
0-0: 2-RUN HOME RUN (Flyball, 89XD, EV 106.2 MPH), Distance : 431 ft
|
|
Batting: RHB Hector Flores
|
0-0: Fly out, F8 (Flyball, 8RD, EV 95.6 MPH)
|
|
Batting: SHB Dan Strickland
|
0-0: Swinging Strike 0-1: Swinging Strike 0-2: Foul Ball, location: 2F 0-2: Strikes out looking
|
|
Batting: RHB Lance Borgen
|
0-0: Ball 1-0: Ball 2-0: Ball 3-0: Base on Balls
|
|
Batting: RHB Caleb Dean
|
0-0: Ball 1-0: Ball 2-0: Ball 3-0: Base on Balls Lance Borgen to second
|
|
Batting: LHB Victor Altagracia
|
0-0: Ground out U3 (Groundball, 3, EV 102.5 MPH)
|
| Bottom of the 5th over - 2 runs, 2 hits, 0 errors, 2 left on base; Clemson University 0 - University of Illinois 2 |
| TOP OF THE 6TH |
|
Clemson University Tigers batting - Pitching for University of Illinois Fighting Illini : RHP Roger Whitaker
|
|
Batting: RHB David Rhodes
|
0-0: Called Strike 0-1: Ball 1-1: Swinging Strike 1-2: Foul Ball, location: 2F 1-2: Ball 2-2: Strikes out looking
|
|
Batting: LHB Steve Gates
|
0-0: Ball 1-0: Foul Ball, location: 2F 1-1: Called Strike 1-2: SINGLE (Line Drive, 9LS, EV 107.5 MPH)
|
|
Batting: RHB Josh LeSage
|
0-0: Ball 1-0: Fielders Choice at 2nd, 6-4 (Groundball, 6M, EV 84.4 MPH)
|
|
Batting: LHB George Jedinak
|
0-0: Ball 1-0: Called Strike 1-1: Called Strike 1-2: Strikes out swinging
|
| Top of the 6th over - 0 runs, 1 hit, 0 errors, 1 left on base; Clemson University 0 - University of Illinois 2 |
| BOTTOM OF THE 6TH |
|
University of Illinois Fighting Illini batting - Pitching for Clemson University Tigers : RHP Ahto Selin
|
|
Batting: LHB Mike Murphy
|
0-0: Ball 1-0: Swinging Strike 1-1: Ground out 4-3 (Groundball, 4, EV 101.9 MPH)
|
|
Batting: SHB Bernie Gallegos
|
0-0: Ball 1-0: Ground out 4-3 (Groundball, 4, EV 90.6 MPH)
|
|
Batting: RHB Damien Blot
|
0-0: Ball 1-0: Ball 2-0: Called Strike 2-1: Foul Ball, location: 2F 2-2: Ball 3-2: Base on Balls
|
|
Pitching: RHP Richard Clements
|
|
|
Batting: LHB Matt Highfill
|
0-0: Swinging Strike 0-1: Ball 1-1: SINGLE (Groundball, 56D, EV 100.6 MPH) Damien Blot to second
|
|
Batting: RHB Hector Flores
|
0-0: Ground out 1-3 (Groundball, 34S, EV 60.0 MPH)
|
| Bottom of the 6th over - 0 runs, 1 hit, 0 errors, 2 left on base; Clemson University 0 - University of Illinois 2 |
| TOP OF THE 7TH |
|
Clemson University Tigers batting - Pitching for University of Illinois Fighting Illini : RHP Roger Whitaker
|
|
Batting: RHB Jason Duncan
|
0-0: Swinging Strike 0-1: Foul Ball, location: 2F 0-2: Ball 1-2: Strikes out swinging
|
|
Batting: LHB Mario Nunez
|
0-0: Ball 1-0: Ball 2-0: Called Strike 2-1: Foul Ball, location: 2F 2-2: Strikes out swinging, 2-3 out at first.
|
|
Batting: RHB Willis Suarez
|
0-0: Foul Ball, location: 2F 0-1: Foul Ball, location: 2F 0-2: Ball 1-2: Ball 2-2: Foul Ball, location: 2F 2-2: Ball 3-2: Foul Ball, location: 2F 3-2: Foul Ball, location: 2F 3-2: Fly out, F8 (Flyball, 8LD, EV 108.1 MPH)
|
| Top of the 7th over - 0 runs, 0 hits, 0 errors, 0 left on base; Clemson University 0 - University of Illinois 2 |
| BOTTOM OF THE 7TH |
|
University of Illinois Fighting Illini batting - Pitching for Clemson University Tigers : RHP Richard Clements
|
|
Batting: SHB Dan Strickland
|
0-0: Fly out, F9 (Flyball, 9D, EV 102.5 MPH)
|
|
Batting: RHB Lance Borgen
|
0-0: Ball 1-0: Fly out, F8 (Flyball, 8LD, EV 106.2 MPH)
|
|
Batting: RHB Caleb Dean
|
0-0: Ball 1-0: Ball 2-0: Ball 3-0: Base on Balls
|
|
Batting: LHB Victor Altagracia
|
0-0: Called Strike 0-1: Ball 1-1: Foul Ball, location: 2F 1-2: Fielders Choice at 2nd, 6-4 (Groundball, 6, EV 101.2 MPH)
|
| Bottom of the 7th over - 0 runs, 0 hits, 0 errors, 1 left on base; Clemson University 0 - University of Illinois 2 |
| TOP OF THE 8TH |
|
Clemson University Tigers batting - Pitching for University of Illinois Fighting Illini : RHP Roger Whitaker
|
|
Batting: RHB Marco Maggs
|
0-0: Called Strike 0-1: Foul Ball, location: 2F 0-2: Strikes out swinging
|
|
Batting: RHB Jose Rolon
|
0-0: Ball 1-0: SINGLE (Groundball, 56, EV 109.4 MPH)
|
|
Batting: RHB David Rhodes
|
0-0: Grounds into double play, 6-4-3 (Groundball, 6, EV 90.6 MPH)
|
| Top of the 8th over - 0 runs, 1 hit, 0 errors, 0 left on base; Clemson University 0 - University of Illinois 2 |
| BOTTOM OF THE 8TH |
|
University of Illinois Fighting Illini batting - Pitching for Clemson University Tigers : RHP Richard Clements
|
|
Batting: LHB Mike Murphy
|
0-0: Ball 1-0: Ball 2-0: Called Strike 2-1: Ball 3-1: Ground out 4-3 (Groundball, 4, EV 106.2 MPH)
|
|
Batting: SHB Bernie Gallegos
|
0-0: Ball 1-0: Ball 2-0: Ball 3-0: Base on Balls
|
|
Batting: RHB Damien Blot
|
0-0: Sac Bunt to 5S - play at first, batter OUT! 5-3 Bernie Gallegos to second
|
|
Batting: LHB Matt Highfill
|
0-0: Called Strike 0-1: Swinging Strike 0-2: Strikes out swinging
|
| Bottom of the 8th over - 0 runs, 0 hits, 0 errors, 1 left on base; Clemson University 0 - University of Illinois 2 |
| TOP OF THE 9TH |
|
Clemson University Tigers batting - Pitching for University of Illinois Fighting Illini : RHP Roger Whitaker
|
|
Batting: LHB Steve Gates
|
0-0: Ball 1-0: Ground out U3 (Groundball, 3, EV 83.1 MPH)
|
|
Batting: RHB Josh LeSage
|
0-0: Fly out, F8 (Flyball, 8RS, EV 86.2 MPH)
|
|
Batting: LHB George Jedinak
|
0-0: Called Strike 0-1: Ball 1-1: Foul Ball, location: 2F 1-2: Foul Ball, location: 2F 1-2: Ball 2-2: Ball 3-2: Foul Ball, location: 2F 3-2: Base on Balls
|
|
Batting: RHB Jason Duncan
|
0-0: Ball 1-0: Called Strike 1-1: Foul Ball, location: 2F 1-2: Ball 2-2: Foul Ball, location: 2F 2-2: Ball 3-2: Foul Ball, location: 2F 3-2: Base on Balls George Jedinak to second
|
|
Pitching: RHP Ross Ledford
|
|
|
Batting: LHB Mario Nunez
|
0-0: Ball 1-0: Foul Ball, location: 2F 1-1: Ground out 4-3 (Groundball, 4, EV 85.6 MPH)
|
| Top of the 9th over - 0 runs, 0 hits, 0 errors, 2 left on base; Clemson University 0 - University of Illinois 2 |
|